Nordiques vs Avalanche
(R2)
Created - 1 avril 2015 at 23:14
Goals
|
Nordiques |
1 |
0 |
3 |
4 |
Avalanche |
2 |
0 |
0 |
2 |
|
Shots
|
Nordiques |
6 |
11 |
9 |
26 |
Avalanche |
9 |
5 |
10 |
24 |
|
1st period
1. Nordiques , Tyler Arnason 18 (Marcel Hossa, Jean-Sébastien Giguère) at 4:02 (PP)
2. Avalanche , Pierre-Marc Bouchard 26 (Michael Rupp, Shane O'Brien) at 15:40
3. Avalanche , Pierre-Marc Bouchard 27 (Michael Rupp, Drew Doughty) at 19:26
Penalties :
Jason Allison (Col) for Tripping (Minor) at 3:28, Rostislav Olesz (Col) for Holding Stick (Minor) at 6:33, Jason Allison (Col) for Hooking (Minor) at 11:40, Pierre-Marc Bouchard (Col) for Holding (Minor) at 16:16, Andrei Kostitsyn (Que) for Goalie Interference (Minor) at 19:41
2nd period
No Goal
Penalties :
Brian Pothier (Que) for Diving (Minor) at 2:14, Pierre-Marc Bouchard (Col) for Roughing (Minor) at 2:36, Matt Ellison (Que) for Hooking (Minor) at 14:18, Mike Comrie (Col) for Roughing (Minor) at 17:41
3rd period
4. Nordiques , Alexei Ponikarovsky 5 (Brett Lebda) at 4:19
5. Nordiques , Peter Prucha 31 (Matt Duchene) at 5:46
6. Nordiques , Andrei Kostitsyn 39 (Matt Duchene, Jordan Leopold) at 19:28 (Empty Net)
Penalties :
Andrew Ladd (Col) for Delaying the game (Minor) at 2:07, Andrei Kostitsyn (Que) for Cross-checking (Minor) at 6:04, Michael Rupp (Col) for Holding (Minor) at 15:03
Goalie Stats
Jean-Sébastien Giguère (Que), 22 saves from 24 shots - (0,917), W, 21-22-4, 60:00 minutes
Jimmy Howard (Col), 22 saves from 25 shots - (0,880), L, 30-18-6, 59:46 minutes
Players Stats for Nordiques
Player Name G A P +/- PIM S H SB GA TA FO MP PP MP PK MP
------------------------------------------------------------------------------------
Alexander Perezhogin 0 0 0 -1 0 1 3 0 0 0 0/0 16:22 5:37 0:00
Alexei Ponikarovsky 1 0 1 1 0 2 4 0 1 0 0/0 10:18 0:31 2:15
Andrei Kostitsyn 1 0 1 2 4 4 1 0 1 0 1/3 20:17 6:42 0:00
Brett Lebda 0 1 1 0 0 0 0 0 0 0 0/0 21:59 6:00 2:42
Brian Pothier 0 0 0 1 2 2 0 1 0 0 0/0 9:41 0:22 0:00
Bryan McCabe 0 0 0 0 0 0 4 0 0 1 0/0 22:00 6:00 2:42
Ed Jovanovski 0 0 0 1 0 0 0 2 0 2 0/0 8:58 0:00 0:00
Jeff Halpern 0 0 0 1 0 0 2 0 0 0 4/9 10:26 0:09 3:34
Jordan Leopold 0 1 1 0 0 2 3 1 0 0 0/0 29:02 6:50 3:37
Marcel Hossa 0 1 1 -1 0 2 2 0 1 0 0/0 16:23 5:37 0:06
Matt Duchene 0 2 2 2 0 1 2 0 0 0 14/36 20:56 6:42 0:39
Matt Ellison 0 0 0 1 2 0 1 0 0 0 0/0 7:12 0:21 0:00
Mattias Weinhandl 0 0 0 -1 0 0 0 0 1 0 0/0 8:46 0:00 0:00
Patrik Elias 0 0 0 -1 0 4 0 1 0 0 0/0 11:18 0:22 1:13
Peter Prucha 1 0 1 2 0 3 1 2 1 0 0/1 22:57 6:30 3:42
Rickard Wallin 0 0 0 -1 0 0 0 0 0 0 5/6 10:00 0:00 1:09
Ryan Parent 0 0 0 0 0 2 1 3 1 0 0/0 29:02 6:50 3:37
Tyler Arnason 1 0 1 -1 0 3 2 1 0 1 3/11 16:22 5:37 0:00
Players Stats for Avalanche
Player Name G A P +/- PIM S H SB GA TA FO MP PP MP PK MP
------------------------------------------------------------------------------------
Andrew Ladd 0 0 0 -1 2 0 0 0 0 0 1/1 13:35 0:00 5:57
Brian Campbell 0 0 0 0 0 1 0 1 0 0 0/0 17:26 3:56 0:32
Bryan Little 0 0 0 0 0 0 1 0 1 0 2/6 10:26 3:14 0:22
Chuck Kobasew 0 0 0 0 0 0 0 0 0 0 1/1 11:45 0:00 4:45
Dave Tanabe 0 0 0 1 0 2 1 2 0 0 0/0 20:03 2:23 5:43
Drew Doughty 0 1 1 0 0 1 0 1 2 0 0/0 15:23 3:56 0:00
Dustin Byfuglien 0 0 0 0 0 2 3 0 0 0 0/0 10:17 0:00 3:04
Jack Johnson 0 0 0 -2 0 1 2 0 0 2 0/0 26:18 2:23 6:57
Jason Allison 0 0 0 -2 4 2 0 0 0 0 11/20 19:16 3:05 2:22
Jason Pominville 0 0 0 -1 0 2 1 0 0 0 1/2 16:42 3:05 0:00
Marc Staal 0 0 0 -2 0 0 4 0 0 1 0/0 23:59 0:00 7:07
Max Pacioretty 0 0 0 1 0 0 1 0 0 1 0/1 12:50 0:00 0:39
Michael Rupp 0 2 2 0 2 4 2 0 0 0 1/2 14:50 0:00 2:26
Mike Comrie 0 0 0 0 2 2 1 0 0 0 7/13 13:37 0:00 6:05
Pierre-Marc Bouchard 2 0 2 1 4 4 0 0 1 0 15/20 16:03 3:13 0:00
Rostislav Olesz 0 0 0 0 2 1 3 0 0 0 0/0 10:03 3:14 0:00
Ryan Smyth 0 0 0 -1 0 2 0 1 0 0 0/0 16:01 3:05 0:00
Shane O'Brien 0 1 1 1 0 0 0 0 0 2 0/0 16:51 0:00 5:21
3 Stars
1 - Alexei Ponikarovsky (Que)
2 - Matt Duchene (Que)
3 - Peter Prucha (Que)
Power Play
Nordiques - 1 on 8 Attempt(s) - 12,50%
Avalanche - 0 on 5 Attempt(s) - 0,00%
Penalty Kill
Nordiques - 5 on 5 Attempt(s) - 100,00%
- Score 0 goal in Penalty Kill
Avalanche - 7 on 8 Attempt(s) - 87,50%
- Score 0 goal in Penalty Kill
Team Stat
Nordiques - Hits : 26 - Faceoff Wins : 27 - Blocked Shots : 11 - Penalty Minutes : 8
Avalanche - Hits : 19 - Faceoff Wins : 39 - Blocked Shots : 5 - Penalty Minutes : 16
Official
Referees : Dwyer Gord and Rehman Kyle
Linesman : Steve Miller and Brad Kovachik
Game Notes
0:45 of 3rd period - Penalty Shot by Brett Lebda for Nordiques - Shot Misses the Net
Andrei Kostitsyn has scored in a empty net!
Finance
Level 1 -- Attendance: 5367 (89,45%) -- Ticket Income 450 828 $
Level 2 -- Attendance: 4723 (94,46%) -- Ticket Income 236 150 $
Level 3 -- Attendance: 2000 (100,00%) -- Ticket Income 56 000 $
Level 4 -- Attendance: 4000 (100,00%) -- Ticket Income 72 000 $
Luxury Box -- Attendance: 916 (91,60%) -- Ticket Income 152 972 $
Game was played at the Pepsi Center'
Total Attendance: 17006 (94,48%)
Total Ticket Income: 967 950 $
Other Income: 145 192 $
Total Income: 1 113 142 $
Nordiques
5 vs 5 Forward
Center Left Wing Right Wing Time % Phy DF OF
1 Matt Duchene Andrei Kostitsyn Peter Prucha 40 0 2 3
2 Tyler Arnason Marcel Hossa Alexander Perezhogin 30 0 2 3
3 Rickard Wallin Patrik Elias Mattias Weinhandl 20 1 2 2
4 Jeff Halpern Alexei Ponikarovsky Matt Ellison 10 1 2 2
5 vs 5 Defense
Defense Defense Time % Phy DF OF
1 Jordan Leopold Ryan Parent 40 0 2 3
2 Bryan McCabe Brett Lebda 30 0 2 3
3 Ed Jovanovski Brian Pothier 20 1 2 2
4 Jordan Leopold Ryan Parent 10 1 2 2
PowerPlay Forward
Center Left Wing Right Wing Time % Phy DF OF
1 Matt Duchene Andrei Kostitsyn Peter Prucha 60 0 1 4
2 Tyler Arnason Marcel Hossa Alexander Perezhogin 40 0 1 4
PowerPlay Defense
Defense Defense Time % Phy DF OF
1 Jordan Leopold Ryan Parent 60 0 2 3
2 Bryan McCabe Brett Lebda 40 0 2 3
Penalty Kill 4 Players Forward
Center Wing Time % Phy DF OF
1 Jeff Halpern Peter Prucha 60 1 3 1
2 Rickard Wallin Alexei Ponikarovsky 40 1 3 1
Penalty Kill 4 Players Defense
Defense Defense Time % Phy DF OF
1 Jordan Leopold Ryan Parent 60 1 3 1
2 Bryan McCabe Brett Lebda 40 1 3 1
Penalty Kill - 3 Players Forward
Forward Time % Phy DF OF
1 Jeff Halpern 60 1 3 1
2 Rickard Wallin 40 1 3 1
Penalty Kill - 3 Players Defense
Defense Defense Time % Phy DF OF
1 Jordan Leopold Ryan Parent 60 1 3 1
2 Bryan McCabe Brett Lebda 40 1 3 1
4 vs 4 Forward
Center Wing Time % Phy DF OF
1 Matt Duchene Andrei Kostitsyn 60 0 2 3
2 Tyler Arnason Alexander Perezhogin 40 0 2 3
4 vs 4 Defense
Defense Defense Time % Phy DF OF
1 Jordan Leopold Ryan Parent 60 1 2 2
2 Bryan McCabe Brett Lebda 40 1 2 2
Last Minutes Offensive
Center Left Wing Right Wing Defense Defense
Matt Duchene Andrei Kostitsyn Peter Prucha Jordan Leopold Ryan Parent
Last Minutes Defensive
Center Left Wing Right Wing Defense Defense
Matt Duchene Andrei Kostitsyn Peter Prucha Jordan Leopold Ryan Parent
Goaltenders
Starting : Jean-Sébastien Giguère
Backup : Chris Mason
Extra Forwards
Normal : Patrik Elias, Andrei Kostitsyn, Matt Duchene - PP : Marcel Hossa, Andrei Kostitsyn - PK : Patrik Elias
Extra Defensemen
Normal : Brian Pothier, Ryan Parent, Jordan Leopold - PP : Brian Pothier - PK : Jordan Leopold, Ryan Parent
Penalty Shots
Peter Prucha, Andrei Kostitsyn, Marcel Hossa, Matt Duchene, Tyler Arnason
Avalanche
5 vs 5 Forward
Center Left Wing Right Wing Time % Phy DF OF
1 Jason Allison Ryan Smyth Jason Pominville 35 1 2 2
2 Pierre-Marc Bouchard Max Pacioretty Michael Rupp 35 1 2 2
3 Mike Comrie Andrew Ladd Dustin Byfuglien 15 1 2 2
4 Bryan Little Rostislav Olesz Chuck Kobasew 15 1 2 2
5 vs 5 Defense
Defense Defense Time % Phy DF OF
1 Jack Johnson Marc Staal 40 1 2 2
2 Dave Tanabe Drew Doughty 30 1 2 2
3 Brian Campbell Shane O'Brien 30 1 2 2
4 Jack Johnson Marc Staal 0 1 2 2
PowerPlay Forward
Center Left Wing Right Wing Time % Phy DF OF
1 Jason Allison Ryan Smyth Jason Pominville 60 1 2 2
2 Pierre-Marc Bouchard Rostislav Olesz Bryan Little 40 1 2 2
PowerPlay Defense
Defense Defense Time % Phy DF OF
1 Drew Doughty Brian Campbell 60 1 2 2
2 Dave Tanabe Jack Johnson 40 1 2 2
Penalty Kill 4 Players Forward
Center Wing Time % Phy DF OF
1 Mike Comrie Andrew Ladd 60 1 2 2
2 Dustin Byfuglien Chuck Kobasew 40 1 2 2
Penalty Kill 4 Players Defense
Defense Defense Time % Phy DF OF
1 Jack Johnson Marc Staal 60 1 2 2
2 Dave Tanabe Shane O'Brien 40 1 2 2
Penalty Kill - 3 Players Forward
Forward Time % Phy DF OF
1 Mike Comrie 60 1 2 2
2 Jason Pominville 40 1 2 2
Penalty Kill - 3 Players Defense
Defense Defense Time % Phy DF OF
1 Jack Johnson Marc Staal 60 1 2 2
2 Dave Tanabe Shane O'Brien 40 1 2 2
4 vs 4 Forward
Center Wing Time % Phy DF OF
1 Jason Allison Jason Pominville 60 1 2 2
2 Mike Comrie Ryan Smyth 40 1 2 2
4 vs 4 Defense
Defense Defense Time % Phy DF OF
1 Jack Johnson Marc Staal 60 1 2 2
2 Dave Tanabe Brian Campbell 40 1 2 2
Last Minutes Offensive
Center Left Wing Right Wing Defense Defense
Jason Allison Ryan Smyth Jason Pominville Drew Doughty Brian Campbell
Last Minutes Defensive
Center Left Wing Right Wing Defense Defense
Mike Comrie Ryan Smyth Dustin Byfuglien Jack Johnson Marc Staal
Goaltenders
Starting : Jimmy Howard
Backup : Marty Turco
Extra Forwards
Normal : Dustin Byfuglien, Andrew Ladd, Chuck Kobasew - PP : Dustin Byfuglien, Andrew Ladd - PK : Chuck Kobasew
Extra Defensemen
Normal : Brian Campbell, Shane O'Brien, Dave Tanabe - PP : Brian Campbell - PK : Shane O'Brien, Dave Tanabe
Penalty Shots
Dustin Byfuglien, Jason Pominville, Pierre-Marc Bouchard, Ryan Smyth, Mike Comrie
% Time on Ice - Nordiques
Lines # - Real PCT - Wanted PCT - Time Play
Normal Forward
1 - 33% - 40% - 12:50
2 - 28% - 30% - 10:48
3 - 23% - 20% - 8:46
4 - 16% - 10% - 6:09
Normal Defense
1 - 41% - 40% - 15:39
2 - 33% - 30% - 12:38
3 - 23% - 20% - 8:58
4 - 3% - 10% - 1:18
PP Forward
1 - 56% - 60% - 7:13
2 - 44% - 40% - 5:37
PP Defense
1 - 53% - 60% - 6:50
2 - 47% - 40% - 6:00
PK Forward
1 - 82% - 60% - 5:10
2 - 18% - 40% - 1:09
PK Defense
1 - 57% - 60% - 3:37
2 - 43% - 40% - 2:42
PK3 Forward
1 - 0% - 60%
2 - 0% - 40%
PK3 Defense
1 - 0% - 60%
2 - 0% - 40%
44 Forward
1 - 76% - 60% - 1:14
2 - 24% - 40% - 0:23
44 Defense
1 - 59% - 60% - 0:57
2 - 41% - 40% - 0:40
Last Minute Offensive - 0:00
Last Minute Defensive - 0:41
Total
Forward - 60:00
Defense - 60:00
|
% Time on Ice - Avalanche
Lines # - Real PCT - Wanted PCT - Time Play
Normal Forward
1 - 33% - 35% - 12:36
2 - 32% - 35% - 12:29
3 - 18% - 15% - 6:46
4 - 17% - 15% - 6:45
Normal Defense
1 - 41% - 40% - 15:44
2 - 29% - 30% - 11:23
3 - 30% - 30% - 11:29
4 - 0% - 0% - 0:00
PP Forward
1 - 49% - 60% - 3:05
2 - 51% - 40% - 3:14
PP Defense
1 - 62% - 60% - 3:56
2 - 38% - 40% - 2:23
PK Forward
1 - 77% - 60% - 9:51
2 - 23% - 40% - 2:59
PK Defense
1 - 55% - 60% - 7:07
2 - 45% - 40% - 5:43
PK3 Forward
1 - 0% - 60%
2 - 0% - 40%
PK3 Defense
1 - 0% - 60%
2 - 0% - 40%
44 Forward
1 - 78% - 60% - 1:16
2 - 22% - 40% - 0:21
44 Defense
1 - 76% - 60% - 1:14
2 - 24% - 40% - 0:23
Last Minute Offensive - 0:38
Last Minute Defensive - 0:00
Total
Forward - 60:00
Defense - 60:00
|
Play by Play
1st period
0:01 of 1st period - Andrei Kostitsyn wins face-off versus Jason Allison in neutral zone.
0:33 of 1st period - Snap shot by Pierre-Marc Bouchard.
0:33 of 1st period - Shot Hit the Post.
1:04 of 1st period - Icing by Chuck Kobasew.
1:05 of 1st period - Jeff Halpern wins face-off versus Mike Comrie in Avalanche zone.
1:48 of 1st period - Off-side.
1:49 of 1st period - Tyler Arnason wins face-off versus Jason Allison in neutral zone.
2:21 of 1st period - Slapshot by Brian Campbell.
2:21 of 1st period - Shot Blocked by Ryan Parent.
3:02 of 1st period - Dustin Byfuglien is hit by Matt Ellison and loses puck.
3:28 of 1st period - Minor Penalty to Jason Allison for Tripping.
3:29 of 1st period - Andrew Ladd wins face-off versus Matt Duchene in Avalanche zone.
4:02 of 1st period - Wrist shot by Tyler Arnason.
4:02 of 1st period - Goal by Tyler Arnason - Nordiques : 1 - Avalanche : 0.
4:03 of 1st period - Pierre-Marc Bouchard wins face-off versus Matt Duchene in neutral zone.
4:13 of 1st period - Jack Johnson is hit by Jordan Leopold and loses puck.
4:39 of 1st period - Marc Staal is hit by Marcel Hossa and loses puck.
5:02 of 1st period - Snap shot by Rostislav Olesz.
5:02 of 1st period - Stopped by Jean-Sébastien Giguère with a rebound.
5:19 of 1st period - Dustin Byfuglien is hit by Matt Duchene.
5:39 of 1st period - Pierre-Marc Bouchard is hit by Bryan McCabe and loses puck.
5:46 of 1st period - Alexei Ponikarovsky is hit by Max Pacioretty and loses puck.
6:33 of 1st period - Minor Penalty to Rostislav Olesz for Holding Stick.
6:34 of 1st period - Mike Comrie wins face-off versus Matt Duchene in Avalanche zone.
6:41 of 1st period - Wrist shot by Mike Comrie.
6:41 of 1st period - Shot Blocked by Peter Prucha.
8:01 of 1st period - Tyler Arnason is hit by Marc Staal and loses puck.
8:33 of 1st period - Penalty to Rostislav Olesz is over, Rostislav Olesz is back on ice.
9:10 of 1st period - Off-side.
9:11 of 1st period - Rickard Wallin wins face-off versus Bryan Little in neutral zone.
9:47 of 1st period - Wrist shot by Jason Pominville.
9:47 of 1st period - Stopped by Jean-Sébastien Giguère without a rebound.
9:48 of 1st period - Pierre-Marc Bouchard wins face-off versus Matt Duchene in Nordiques zone.
9:51 of 1st period - Slapshot by Pierre-Marc Bouchard.
9:51 of 1st period - Stopped by Jean-Sébastien Giguère without a rebound.
9:52 of 1st period - Pierre-Marc Bouchard wins face-off versus Matt Duchene in Nordiques zone.
10:00 of 1st period - Snap shot by Michael Rupp.
10:00 of 1st period - Deflect By Max Pacioretty.
10:00 of 1st period - Shot Misses the Net.
10:00 of 1st period - Puck is out of play.
10:01 of 1st period - Pierre-Marc Bouchard wins face-off versus Matt Duchene in Nordiques zone.
10:02 of 1st period - Wrist shot by Michael Rupp.
10:02 of 1st period - Shot Misses the Net.
10:12 of 1st period - Snap shot by Matt Duchene.
10:12 of 1st period - Shot Misses the Net.
10:14 of 1st period - Slapshot by Ryan Parent.
10:14 of 1st period - Stopped by Jimmy Howard with a rebound.
10:16 of 1st period - Snap shot by Peter Prucha.
10:16 of 1st period - Stopped by Jimmy Howard without a rebound.
10:17 of 1st period - Jason Allison wins face-off versus Tyler Arnason in Avalanche zone.
10:47 of 1st period - Off-side.
10:48 of 1st period - Pierre-Marc Bouchard wins face-off versus Andrei Kostitsyn in neutral zone.
10:53 of 1st period - Backhand shot by Michael Rupp.
10:53 of 1st period - Stopped by Jean-Sébastien Giguère without a rebound.
10:54 of 1st period - Matt Duchene wins face-off versus Pierre-Marc Bouchard in Nordiques zone.
11:05 of 1st period - Max Pacioretty is hit by Andrei Kostitsyn and loses puck.
11:40 of 1st period - Minor Penalty to Jason Allison for Hooking.
11:41 of 1st period - Matt Duchene wins face-off versus Mike Comrie in Avalanche zone.
11:46 of 1st period - Snap shot by Matt Duchene.
11:46 of 1st period - Stopped by Jimmy Howard without a rebound.
11:47 of 1st period - Matt Duchene wins face-off versus Mike Comrie in Avalanche zone.
11:48 of 1st period - Snap shot by Peter Prucha.
11:48 of 1st period - Shot Misses the Net.
11:50 of 1st period - Wrist shot by Andrei Kostitsyn.
11:50 of 1st period - Stopped by Jimmy Howard with a rebound.
11:52 of 1st period - Slapshot by Ryan Parent.
11:52 of 1st period - Shot Blocked by Dave Tanabe.
11:54 of 1st period - Slapshot by Ryan Parent.
11:54 of 1st period - Shot Hit the Post.
11:56 of 1st period - Slapshot by Ryan Parent.
11:56 of 1st period - Stopped by Jimmy Howard with a rebound.
13:18 of 1st period - Dave Tanabe is hit by Tyler Arnason and loses puck.
13:40 of 1st period - Penalty to Jason Allison is over, Jason Allison is back on ice.
13:54 of 1st period - Wrist shot by Jack Johnson.
13:54 of 1st period - Shot Misses the Net.
14:32 of 1st period - Slapshot by Bryan Little.
14:32 of 1st period - Shot Misses the Net.
14:34 of 1st period - Wrist shot by Chuck Kobasew.
14:34 of 1st period - Shot Misses the Net.
14:36 of 1st period - Slapshot by Dave Tanabe.
14:36 of 1st period - Stopped by Jean-Sébastien Giguère with a rebound.
15:00 of 1st period - Brian Pothier is hit by Jason Pominville and loses puck.
15:07 of 1st period - Jason Pominville is hit by Jeff Halpern and loses puck.
15:36 of 1st period - Slapshot by Pierre-Marc Bouchard.
15:36 of 1st period - Shot Blocked by Jordan Leopold.
15:38 of 1st period - Backhand shot by Michael Rupp.
15:38 of 1st period - Shot Misses the Net.
15:40 of 1st period - Snap shot by Pierre-Marc Bouchard.
15:40 of 1st period - Goal by Pierre-Marc Bouchard - Nordiques : 1 - Avalanche : 1.
15:41 of 1st period - Jason Allison wins face-off versus Matt Duchene in neutral zone.
16:06 of 1st period - Alexander Perezhogin is hit by Marc Staal and loses puck.
16:16 of 1st period - Minor Penalty to Pierre-Marc Bouchard for Holding.
16:17 of 1st period - Matt Duchene wins face-off versus Mike Comrie in Avalanche zone.
16:43 of 1st period - Alexander Perezhogin is hit by Dustin Byfuglien and loses puck.
18:16 of 1st period - Penalty to Pierre-Marc Bouchard is over, Pierre-Marc Bouchard is back on ice.
19:08 of 1st period - Wrist shot by Jason Pominville.
19:08 of 1st period - Stopped by Jean-Sébastien Giguère with a rebound.
19:10 of 1st period - Snap shot by Ryan Smyth.
19:10 of 1st period - Shot Blocked by Ed Jovanovski.
19:12 of 1st period - Snap shot by Jack Johnson.
19:12 of 1st period - Deflect By Jason Pominville.
19:12 of 1st period - Shot Misses the Net.
19:12 of 1st period - Puck is out of play.
19:13 of 1st period - Pierre-Marc Bouchard wins face-off versus Tyler Arnason in Nordiques zone.
19:24 of 1st period - Snap shot by Michael Rupp.
19:24 of 1st period - Shot Misses the Net.
19:26 of 1st period - Backhand shot by Pierre-Marc Bouchard.
19:26 of 1st period - Goal by Pierre-Marc Bouchard - Nordiques : 1 - Avalanche : 2.
19:27 of 1st period - Matt Duchene wins face-off versus Michael Rupp in neutral zone.
19:41 of 1st period - Minor Penalty to Andrei Kostitsyn for Goalie Interference.
19:42 of 1st period - Jason Allison wins face-off versus Jeff Halpern in Nordiques zone.
19:42 of 1st period - Slapshot by Drew Doughty.
19:42 of 1st period - Stopped by Jean-Sébastien Giguère without a rebound.
19:43 of 1st period - Jason Allison wins face-off versus Jeff Halpern in Nordiques zone.
Goals for this period are 1 for Nordiques vs 2 for Avalanche.
Shots for this period are 6 for Nordiques vs 9 for Avalanche.
2nd period
0:01 of 2nd period - Jeff Halpern wins face-off versus Jason Allison in neutral zone.
0:14 of 2nd period - Wrist shot by Peter Prucha.
0:14 of 2nd period - Stopped by Jimmy Howard with a rebound.
0:16 of 2nd period - Wrist shot by Ryan Parent.
0:16 of 2nd period - Shot Blocked by Drew Doughty.
0:26 of 2nd period - Jeff Halpern is hit by Bryan Little and loses puck.
0:37 of 2nd period - Wrist shot by Rostislav Olesz.
0:37 of 2nd period - Shot Blocked by Ryan Parent.
1:41 of 2nd period - Penalty to Andrei Kostitsyn is over, Andrei Kostitsyn is back on ice.
1:41 of 2nd period - Jason Allison is hit by Jordan Leopold and loses puck.
2:00 of 2nd period - Slapshot by Andrew Ladd.
2:00 of 2nd period - Shot Blocked by Brian Pothier.
2:14 of 2nd period - Minor Penalty to Brian Pothier for Diving.
2:15 of 2nd period - Pierre-Marc Bouchard wins face-off versus Jeff Halpern in Nordiques zone.
2:36 of 2nd period - Minor Penalty to Pierre-Marc Bouchard for Roughing.
2:37 of 2nd period - Jason Allison wins face-off versus Matt Duchene in Avalanche zone.
2:48 of 2nd period - Slapshot by Jason Allison.
2:48 of 2nd period - Stopped by Jean-Sébastien Giguère without a rebound.
2:49 of 2nd period - Matt Duchene wins face-off versus Jason Allison in Nordiques zone.
3:34 of 2nd period - Slapshot by Ryan Smyth.
3:34 of 2nd period - Stopped by Jean-Sébastien Giguère with a rebound.
3:40 of 2nd period - Ryan Smyth is hit by Alexander Perezhogin and loses puck.
4:09 of 2nd period - Slapshot by Patrik Elias.
4:09 of 2nd period - Stopped by Jimmy Howard with a rebound.
4:14 of 2nd period - Penalty to Brian Pothier is over, Brian Pothier is back on ice.
4:36 of 2nd period - Penalty to Pierre-Marc Bouchard is over, Pierre-Marc Bouchard is back on ice.
4:37 of 2nd period - Snap shot by Patrik Elias.
4:37 of 2nd period - Shot Misses the Net.
4:39 of 2nd period - Slapshot by Brian Pothier.
4:39 of 2nd period - Stopped by Jimmy Howard with a rebound.
4:41 of 2nd period - Snap shot by Brian Pothier.
4:41 of 2nd period - Stopped by Jimmy Howard with a rebound.
4:49 of 2nd period - Slapshot by Patrik Elias.
4:49 of 2nd period - Shot Misses the Net.
4:51 of 2nd period - Wrist shot by Patrik Elias.
4:51 of 2nd period - Stopped by Jimmy Howard with a rebound.
4:53 of 2nd period - Snap shot by Patrik Elias.
4:53 of 2nd period - Shot Blocked by Dave Tanabe.
4:55 of 2nd period - Slapshot by Jordan Leopold.
4:55 of 2nd period - Stopped by Jimmy Howard with a rebound.
4:57 of 2nd period - Wrist shot by Patrik Elias.
4:57 of 2nd period - Stopped by Jimmy Howard without a rebound.
4:58 of 2nd period - Bryan Little wins face-off versus Matt Duchene in Avalanche zone.
5:09 of 2nd period - Wrist shot by Rostislav Olesz.
5:09 of 2nd period - Shot Misses the Net.
5:23 of 2nd period - Jack Johnson is hit by Tyler Arnason and loses puck.
5:42 of 2nd period - Ed Jovanovski is hit by Jack Johnson and loses puck.
5:51 of 2nd period - Wrist shot by Jack Johnson.
5:51 of 2nd period - Shot Misses the Net.
6:12 of 2nd period - Icing by Jason Pominville.
6:13 of 2nd period - Mike Comrie wins face-off versus Tyler Arnason in Avalanche zone.
6:18 of 2nd period - Tyler Arnason is hit by Dustin Byfuglien and loses puck.
6:25 of 2nd period - Slapshot by Mike Comrie.
6:25 of 2nd period - Stopped by Jean-Sébastien Giguère without a rebound.
6:26 of 2nd period - Pierre-Marc Bouchard wins face-off versus Matt Duchene in Nordiques zone.
6:29 of 2nd period - Slapshot by Pierre-Marc Bouchard.
6:29 of 2nd period - Deflect By Michael Rupp.
6:29 of 2nd period - Stopped by Jean-Sébastien Giguère without a rebound.
6:30 of 2nd period - Matt Duchene wins face-off versus Pierre-Marc Bouchard in Nordiques zone.
7:19 of 2nd period - Slapshot by Brian Campbell.
7:19 of 2nd period - Stopped by Jean-Sébastien Giguère without a rebound.
7:20 of 2nd period - Matt Duchene wins face-off versus Bryan Little in Nordiques zone.
7:49 of 2nd period - Off-side.
7:50 of 2nd period - Rickard Wallin wins face-off versus Pierre-Marc Bouchard in neutral zone.
7:50 of 2nd period - Rickard Wallin is hit by Michael Rupp.
8:08 of 2nd period - Wrist shot by Patrik Elias.
8:08 of 2nd period - Stopped by Jimmy Howard without a rebound.
8:09 of 2nd period - Jason Allison wins face-off versus Matt Duchene in Avalanche zone.
8:31 of 2nd period - Icing by Ryan Smyth.
8:32 of 2nd period - Pierre-Marc Bouchard wins face-off versus Tyler Arnason in Avalanche zone.
9:31 of 2nd period - Snap shot by Bryan Little.
9:31 of 2nd period - Shot Blocked by Patrik Elias.
10:02 of 2nd period - Snap shot by Pierre-Marc Bouchard.
10:02 of 2nd period - Shot Misses the Net.
10:04 of 2nd period - Slapshot by Drew Doughty.
10:04 of 2nd period - Shot Misses the Net.
10:06 of 2nd period - Snap shot by Pierre-Marc Bouchard.
10:06 of 2nd period - Shot Misses the Net.
10:10 of 2nd period - Wrist shot by Max Pacioretty.
10:10 of 2nd period - Deflect By Pierre-Marc Bouchard.
10:10 of 2nd period - Shot Misses the Net.
10:10 of 2nd period - Puck is out of play.
10:11 of 2nd period - Jason Allison wins face-off versus Andrei Kostitsyn in Nordiques zone.
10:12 of 2nd period - Slapshot by Jason Pominville.
10:12 of 2nd period - Shot Blocked by Ed Jovanovski.
10:36 of 2nd period - Shane O'Brien is hit by Alexander Perezhogin and loses puck.
10:46 of 2nd period - Slapshot by Tyler Arnason.
10:46 of 2nd period - Shot Misses the Net.
10:48 of 2nd period - Wrist shot by Tyler Arnason.
10:48 of 2nd period - Shot Misses the Net.
11:35 of 2nd period - Matt Ellison is hit by Rostislav Olesz and loses puck.
11:58 of 2nd period - Slapshot by Andrei Kostitsyn.
11:58 of 2nd period - Stopped by Jimmy Howard without a rebound.
11:59 of 2nd period - Pierre-Marc Bouchard wins face-off versus Tyler Arnason in Avalanche zone.
11:59 of 2nd period - Pierre-Marc Bouchard is hit by Alexander Perezhogin.
12:10 of 2nd period - Icing by Dave Tanabe.
12:11 of 2nd period - Matt Duchene wins face-off versus Pierre-Marc Bouchard in Avalanche zone.
13:00 of 2nd period - Patrik Elias is hit by Marc Staal and loses puck.
13:45 of 2nd period - Snap shot by Alexei Ponikarovsky.
13:45 of 2nd period - Stopped by Jimmy Howard without a rebound.
13:46 of 2nd period - Jason Pominville wins face-off versus Jeff Halpern in Avalanche zone.
13:46 of 2nd period - Jason Pominville is hit by Alexei Ponikarovsky.
13:56 of 2nd period - Snap shot by Matt Ellison.
13:56 of 2nd period - Shot Misses the Net.
14:10 of 2nd period - Drew Doughty is hit by Jeff Halpern and loses puck.
14:18 of 2nd period - Minor Penalty to Matt Ellison for Hooking.
14:19 of 2nd period - Jeff Halpern wins face-off versus Jason Allison in Nordiques zone.
14:45 of 2nd period - Rostislav Olesz is hit by Alexei Ponikarovsky and loses puck.
16:15 of 2nd period - Icing by Drew Doughty.
16:16 of 2nd period - Jason Allison wins face-off versus Jeff Halpern in Avalanche zone.
16:18 of 2nd period - Penalty to Matt Ellison is over, Matt Ellison is back on ice.
16:33 of 2nd period - Marcel Hossa is hit by Jack Johnson and loses puck.
17:25 of 2nd period - Jason Allison is hit by Matt Duchene and loses puck.
17:41 of 2nd period - Minor Penalty to Mike Comrie for Roughing.
17:42 of 2nd period - Chuck Kobasew wins face-off versus Matt Duchene in Avalanche zone.
18:22 of 2nd period - Wrist shot by Marcel Hossa.
18:22 of 2nd period - Stopped by Jimmy Howard with a rebound.
19:41 of 2nd period - Penalty to Mike Comrie is over, Mike Comrie is back on ice.
19:48 of 2nd period - Wrist shot by Ryan Smyth.
19:48 of 2nd period - Shot Misses the Net.
19:55 of 2nd period - Icing by Brett Lebda.
19:56 of 2nd period - Rickard Wallin wins face-off versus Bryan Little in Nordiques zone.
Goals for this period are 0 for Nordiques vs 0 for Avalanche.
Shots for this period are 11 for Nordiques vs 5 for Avalanche.
3rd period
0:01 of 3rd period - Pierre-Marc Bouchard wins face-off versus Matt Duchene in neutral zone.
0:14 of 3rd period - Snap shot by Andrei Kostitsyn.
0:14 of 3rd period - Shot Misses the Net.
0:16 of 3rd period - Slapshot by Peter Prucha.
0:16 of 3rd period - Shot Misses the Net.
0:23 of 3rd period - Icing by Jack Johnson.
0:24 of 3rd period - Tyler Arnason wins face-off versus Jason Allison in Avalanche zone.
0:30 of 3rd period - Marc Staal is hit by Bryan McCabe and loses puck.
0:45 of 3rd period - Penalty Shot by Brett Lebda for Nordiques.
0:45 of 3rd period - Backhand shot by Brett Lebda.
0:45 of 3rd period - Shot Misses the Net.
0:46 of 3rd period - Pierre-Marc Bouchard wins face-off versus Peter Prucha in Nordiques zone.
0:47 of 3rd period - Snap shot by Michael Rupp.
0:47 of 3rd period - Stopped by Jean-Sébastien Giguère with a rebound.
0:49 of 3rd period - Wrist shot by Michael Rupp.
0:49 of 3rd period - Shot Misses the Net.
0:55 of 3rd period - Slapshot by Michael Rupp.
0:55 of 3rd period - Shot Misses the Net.
0:57 of 3rd period - Snap shot by Pierre-Marc Bouchard.
0:57 of 3rd period - Stopped by Jean-Sébastien Giguère with a rebound.
1:36 of 3rd period - Patrik Elias is hit by Rostislav Olesz and loses puck.
1:55 of 3rd period - Slapshot by Mike Comrie.
1:55 of 3rd period - Shot Misses the Net.
2:07 of 3rd period - Minor Penalty to Andrew Ladd for Delaying the game.
2:08 of 3rd period - Matt Duchene wins face-off versus Mike Comrie in Avalanche zone.
3:17 of 3rd period - Marcel Hossa is hit by Dave Tanabe and loses puck.
3:26 of 3rd period - Snap shot by Jason Allison.
3:26 of 3rd period - Deflect By Brett Lebda.
3:26 of 3rd period - Stopped by Jean-Sébastien Giguère without a rebound.
3:27 of 3rd period - Mike Comrie wins face-off versus Matt Duchene in Nordiques zone.
3:28 of 3rd period - Snap shot by Chuck Kobasew.
3:28 of 3rd period - Shot Misses the Net.
3:42 of 3rd period - Jordan Leopold is hit by Mike Comrie and loses puck.
3:55 of 3rd period - Andrei Kostitsyn is hit by Michael Rupp and loses puck.
4:07 of 3rd period - Penalty to Andrew Ladd is over, Andrew Ladd is back on ice.
4:14 of 3rd period - Andrew Ladd is hit by Alexei Ponikarovsky and loses puck.
4:19 of 3rd period - Wrist shot by Alexei Ponikarovsky.
4:19 of 3rd period - Goal by Alexei Ponikarovsky - Nordiques : 2 - Avalanche : 2.
4:20 of 3rd period - Matt Duchene wins face-off versus Jason Pominville in neutral zone.
4:35 of 3rd period - Slapshot by Jason Allison.
4:35 of 3rd period - Shot Blocked by Ryan Parent.
4:53 of 3rd period - Wrist shot by Marcel Hossa.
4:53 of 3rd period - Stopped by Jimmy Howard with a rebound.
4:55 of 3rd period - Snap shot by Alexander Perezhogin.
4:55 of 3rd period - Stopped by Jimmy Howard without a rebound.
4:56 of 3rd period - Pierre-Marc Bouchard wins face-off versus Matt Duchene in Avalanche zone.
5:21 of 3rd period - Brett Lebda is hit by Marc Staal and loses puck.
5:26 of 3rd period - Slapshot by Dustin Byfuglien.
5:26 of 3rd period - Stopped by Jean-Sébastien Giguère without a rebound.
5:27 of 3rd period - Mike Comrie wins face-off versus Tyler Arnason in Nordiques zone.
5:32 of 3rd period - Wrist shot by Mike Comrie.
5:32 of 3rd period - Stopped by Jean-Sébastien Giguère with a rebound.
5:40 of 3rd period - Wrist shot by Jordan Leopold.
5:40 of 3rd period - Stopped by Jimmy Howard without a rebound.
5:41 of 3rd period - Matt Duchene wins face-off versus Pierre-Marc Bouchard in Avalanche zone.
5:46 of 3rd period - Wrist shot by Peter Prucha.
5:46 of 3rd period - Goal by Peter Prucha - Nordiques : 3 - Avalanche : 2.
5:47 of 3rd period - Pierre-Marc Bouchard wins face-off versus Matt Duchene in neutral zone.
5:47 of 3rd period - Pierre-Marc Bouchard is hit by Ryan Parent.
5:50 of 3rd period - Marc Staal is hit by Jordan Leopold and loses puck.
5:57 of 3rd period - Slapshot by Michael Rupp.
5:57 of 3rd period - Stopped by Jean-Sébastien Giguère without a rebound.
5:58 of 3rd period - Pierre-Marc Bouchard wins face-off versus Matt Duchene in Nordiques zone.
6:04 of 3rd period - Minor Penalty to Andrei Kostitsyn for Cross-checking.
6:05 of 3rd period - Jeff Halpern wins face-off versus Jason Allison in Nordiques zone.
6:21 of 3rd period - Slapshot by Brian Campbell.
6:21 of 3rd period - Shot Misses the Net.
8:04 of 3rd period - Penalty to Andrei Kostitsyn is over, Andrei Kostitsyn is back on ice.
8:08 of 3rd period - Slapshot by Drew Doughty.
8:08 of 3rd period - Deflect By Rostislav Olesz.
8:08 of 3rd period - Shot Misses the Net.
8:08 of 3rd period - Puck is out of play.
8:09 of 3rd period - Mike Comrie wins face-off versus Tyler Arnason in Nordiques zone.
8:53 of 3rd period - Andrew Ladd is hit by Bryan McCabe.
9:54 of 3rd period - Wrist shot by Tyler Arnason.
9:54 of 3rd period - Stopped by Jimmy Howard without a rebound.
9:55 of 3rd period - Tyler Arnason wins face-off versus Jason Allison in Avalanche zone.
10:00 of 3rd period - Snap shot by Tyler Arnason.
10:00 of 3rd period - Stopped by Jimmy Howard without a rebound.
10:01 of 3rd period - Jason Allison wins face-off versus Matt Duchene in Avalanche zone.
10:12 of 3rd period - Wrist shot by Andrei Kostitsyn.
10:12 of 3rd period - Shot Blocked by Ryan Smyth.
10:47 of 3rd period - Icing by Brian Pothier.
10:48 of 3rd period - Rickard Wallin wins face-off versus Bryan Little in Nordiques zone.
11:06 of 3rd period - Icing by Patrik Elias.
11:07 of 3rd period - Rickard Wallin wins face-off versus Max Pacioretty in Nordiques zone.
11:32 of 3rd period - Brian Pothier is hit by Dustin Byfuglien and loses puck.
11:37 of 3rd period - Backhand shot by Dustin Byfuglien.
11:37 of 3rd period - Stopped by Jean-Sébastien Giguère without a rebound.
11:38 of 3rd period - Matt Duchene wins face-off versus Mike Comrie in Nordiques zone.
11:40 of 3rd period - Icing by Peter Prucha.
11:41 of 3rd period - Jason Allison wins face-off versus Matt Duchene in Nordiques zone.
11:44 of 3rd period - Backhand shot by Ryan Smyth.
11:44 of 3rd period - Stopped by Jean-Sébastien Giguère without a rebound.
11:45 of 3rd period - Matt Duchene wins face-off versus Jason Allison in Nordiques zone.
11:56 of 3rd period - Slapshot by Peter Prucha.
11:56 of 3rd period - Deflect By Andrei Kostitsyn.
11:56 of 3rd period - Stopped by Jimmy Howard with a rebound.
12:58 of 3rd period - Wrist shot by Rostislav Olesz.
12:58 of 3rd period - Shot Misses the Net.
13:18 of 3rd period - Snap shot by Dave Tanabe.
13:18 of 3rd period - Stopped by Jean-Sébastien Giguère without a rebound.
13:19 of 3rd period - Michael Rupp wins face-off versus Tyler Arnason in Nordiques zone.
13:32 of 3rd period - Slapshot by Jack Johnson.
13:32 of 3rd period - Stopped by Jean-Sébastien Giguère with a rebound.
14:06 of 3rd period - Snap shot by Andrei Kostitsyn.
14:06 of 3rd period - Shot Misses the Net.
14:14 of 3rd period - Patrik Elias is hit by Rostislav Olesz and loses puck.
14:47 of 3rd period - Backhand shot by Shane O'Brien.
14:47 of 3rd period - Shot Blocked by Tyler Arnason.
15:03 of 3rd period - Minor Penalty to Michael Rupp for Holding.
15:04 of 3rd period - Mike Comrie wins face-off versus Matt Duchene in Avalanche zone.
16:39 of 3rd period - Chuck Kobasew is hit by Bryan McCabe and loses puck.
17:03 of 3rd period - Penalty to Michael Rupp is over, Michael Rupp is back on ice.
17:34 of 3rd period - Dave Tanabe is hit by Alexei Ponikarovsky and loses puck.
17:41 of 3rd period - Snap shot by Jason Pominville.
17:41 of 3rd period - Shot Misses the Net.
18:01 of 3rd period - Chuck Kobasew is hit by Marcel Hossa and loses puck.
18:34 of 3rd period - Off-side.
18:35 of 3rd period - Mike Comrie wins face-off versus Matt Duchene in neutral zone.
18:59 of 3rd period - Ryan Smyth is hit by Peter Prucha and loses puck.
19:08 of 3rd period - Wrist shot by Peter Prucha.
19:08 of 3rd period - Deflect By Matt Duchene.
19:08 of 3rd period - Shot Blocked by Brian Campbell.
19:08 of 3rd period - Puck is out of play.
19:09 of 3rd period - Patrick Roy call a timeout for Avalanche.
19:09 of 3rd period - Jason Allison wins face-off versus Matt Duchene in Avalanche zone.
19:14 of 3rd period - Avalanche, Jimmy Howard is pulled from the net.
19:14 of 3rd period - Snap shot by Drew Doughty.
19:14 of 3rd period - Shot Blocked by Peter Prucha.
19:28 of 3rd period - Snap shot by Andrei Kostitsyn.
19:28 of 3rd period - Goal by Andrei Kostitsyn - Nordiques : 4 - Avalanche : 2.
19:28 of 3rd period - Jimmy Howard from Avalanche was sent back in the game.
19:29 of 3rd period - Bryan Little wins face-off versus Rickard Wallin in neutral zone.
19:44 of 3rd period - Wrist shot by Rostislav Olesz.
19:44 of 3rd period - Shot Misses the Net.
Goals for this period are 3 for Nordiques vs 0 for Avalanche.
Shots for this period are 9 for Nordiques vs 10 for Avalanche.
Output by the SimonT Hockey Simulator (STHS) for François Prévost -- Original Page W3C XHTML 1.0 Valid